 Dungeon Crawl Stone Soup version 0.25-a0-1079-g858b6a6ff6 (webtiles) character file.

Game seed: 6276111417340762614, levelgen mode: deterministic

9 Esekla the Magician (level 2, 0/18 HPs)
             Began as an Octopode Wizard on May 15, 2020.
             Succumbed to kobold's curare-tipped dart
             ... on level 3 of the Dungeon.
             The game lasted 00:08:46 (1256 turns).

Esekla the Magician (Octopode Wizard)               Turns: 1256, Time: 00:08:46

Health: 0/18       AC:  1    Str:  6    XL:     2   Next: 16%
Magic:  6/6        EV: 13    Int: 20    God:
Gold:   56         SH:  0    Dex: 10    Spells: 4/7 levels left

rFire    . . .     SeeInvis .   d - +0 dagger
rCold    . . .     Gourm    .   (no shield)
rNeg     . . .     Faith    .   a - +0 hat
rPois    .         Spirit   .   (no amulet)
rElec    .         Reflect  .   (no ring)
rCorr    .         Harm     .   (no ring)
MR       .....                  (no ring)
Stlth    +++.......             (no ring)
HPRegen  0.06/turn              (no ring)
MPRegen  0.10/turn              (no ring)
                                (no ring)
                                (no ring)

@: mighty, lethally poisoned (0 -> -4), stab
A: almost no armour, stealthy swim, amphibious, 8 rings, constrict 8, camouflage
1, gelatinous body 1
a: no special abilities


You were on level 3 of the Dungeon.
You were not hungry.

You visited 1 branch of the dungeon, and saw 4 of its levels.

You collected 56 gold pieces.

Inventory:

Hand Weapons
 d - a +0 dagger (weapon)
Missiles
 e - 4 poisoned darts (quivered)
Armour
 a - a +0 hat (worn)
Scrolls
 b - a scroll of remove curse {unknown}
 f - a scroll of amnesia {unknown}
 h - a scroll of fear {unknown}
 i - a scroll of immolation {unknown}
 l - a scroll of fog {unknown}
 n - a scroll of magic mapping {unknown}
Potions
 g - a potion of heal wounds
 j - a potion of stabbing
Comestibles
 c - 2 rations


   Skills:
 * Level 0.7 Fighting
 + Level 2.0 Dodging
 - Level 2.6 Stealth
 * Level 3.3 Spellcasting
 + Level 1.0 Conjurations
   Level 1.0 Summonings
 * Level 1.0 Translocations


You had 4 spell levels left.
You knew the following spells:

 Your Spells              Type           Power        Failure   Level  Hunger
a - Magic Dart            Conj           #...         9%          1    None
b - Blink                 Tloc           N/A          14%         2    ##.....

Your spell library contained the following spells:

 Spells                   Type           Power        Failure   Level  Hunger
 Call Imp                 Summ           #.......     14%         2    ##.....
 Slow                     Hex            #.......     22%         2    ##.....
 Conjure Flame            Conj/Fire      #.......     32%         3    ###....
 Mephitic Cloud           Conj/Pois/Air  #.......     36%         3    ###....


Dungeon Overview and Level Annotations

Branches:
Dungeon (4/15)
 Temple: D:4-7

Altars:


Innate Abilities, Weirdness & Mutations

You cannot wear most types of armour.
You are very stealthy in the water. (Stealth+)
You are amphibious.
You can wear up to eight rings at the same time.
You can use your tentacles to constrict eight enemies at once.
Your skin changes colour to match your surroundings (Stealth+).
Your rubbery body absorbs attacks. (AC +1, EV +1)


Message History

The goblin burns you. The goblin barely misses you.
There is an escape hatch in the ceiling here.
You closely miss the goblin. Your grab misses the goblin.
You feel yourself speed up.
The goblin hits you with a +0 dagger of flaming.
* * * LOW HITPOINT WARNING * * *
The goblin burns you.
* * * LOW HITPOINT WARNING * * *
You closely miss the goblin. Your grab misses the goblin.
* * * LOW HITPOINT WARNING * * *
You feel sick. The goblin closely misses you.
Press: ? - help, v - describe, . - travel
Here: a goblin, wielding a +0 dagger of flaming The floor.
You barely miss the goblin. You grab the goblin. You constrict the goblin.
The rat misses you. The goblin hits you but does no damage.
You puncture the rat!
You kill the rat!
You constrict the goblin.
You die...

## #### #########...
..r. ........... ####
#........#
###############.@......#
........(....(').g......
###############........#
#######.## # ## .#


You could see a goblin.

Vanquished Creatures
  3 goblins
  2 kobolds
  A bat (D:1)
  2 frilled lizards
  2 rats (D:3)
10 creatures vanquished.

Notes
Turn   | Place    | Note
-------+----------+-------------------------------------------
     0 | D:1      | Esekla the Octopode Wizard began the quest for the Orb.
     0 | D:1      | Reached XP level 1. HP: 11/11 MP: 4/4
  1060 | D:3      | Reached XP level 2. HP: 18/18 MP: 3/6
  1065 | D:3      | Learned a level 2 spell: Blink
  1205 | D:4      | Noticed a howler monkey
  1256 | D:3      | Succumbed to kobold's curare-tipped dart

Illustrated notes

Levels and vault maps discovered:
D:1:      lightli_arrival_isolated_outpost, layout_loops_ring
D:2:      layout_basic, first_ration, minmay_hedge_maze
D:3:      layout_basic, uniq_jessica
D:4:      layout_gridville, xom_butterflies, corexii_leaking_fountain,
          uniq_menkaure, uniq_pikel

Action                   || total
-------------------------++-------
Melee: Dagger            ||    13
       Constrict         ||     5
       Tentacles         ||     1
 Cast: Magic Dart        ||    11
  Use: Potion            ||     4
  Eat: Chunk             ||     1
Armor: Skin              ||     1
Dodge: Dodged            ||    14

Table legend:
 A = Non-vault XP
 B = Vault XP
 C = Vault XP percentage of total XP
 D = Non-vault monster count
 E = Vault monster count
 F = Vault count percentage of total count
                 A         B        C        D         E       F
            +---------+---------+-------+---------+---------+-------
      Total |      14 |       0 |   0.0 |      10 |       0 |   0.0
            +---------+---------+-------+---------+---------+-------
        D:1 |       4 |       0 |   0.0 |       3 |       0 |   0.0
        D:2 |       4 |       0 |   0.0 |       3 |       0 |   0.0
        D:3 |       6 |       0 |   0.0 |       4 |       0 |   0.0
            +---------+---------+-------+---------+---------+-------
